 Dungeon Crawl Stone Soup version 0.31-a0-986-g5e6e4ef867 (webtiles) character file.

Game seed: 11095516753105078919

91 billz999 the Shooter (level 4, 0/33 HPs)
             Began as a Mummy Hunter on Nov 3, 2023.
             Slain by an ufetubus (2 damage)
             ... on level 3 of the Dungeon.
             The game lasted 00:03:44 (1930 turns).

billz999 the Shooter (Mummy Hunter)                 Turns: 1930, Time: 00:03:45

Health: 0/33       AC:  3    Str: 14    XL:     4   Next: 33%
Magic:  4/4        EV: 11    Int:  8    God:
Gold:   98         SH:  0    Dex: 17    Spells: 3/3 levels left

rFire   x . .        a - +0 shortbow
rCold   + . .        (shield currently unavailable)
rNeg    + + +        c - +0 leather armour
rPois   ∞            (no helmet)
rElec   .            (no cloak)
rCorr   .            (no gloves)
SInv    .            (no boots)
Will    .....        (no amulet)
Stlth   ++           (no ring)
HPRegen 0.25/turn    (no ring)
MPRegen 0.09/turn

%: faith
@: no status effects
A: cold resistance 1, negative energy resistance 3, torment resistance 2, heat
vulnerability 1, in touch with death 1, no potions, faith
a: no special abilities


You were on level 3 of the Dungeon.
You visited 1 branch of the dungeon, and saw 3 of its levels.

You collected 98 gold pieces.

Inventory:

Hand Weapons
 a - a +0 shortbow (weapon)
 d - a +1 short sword of venom
Armour
 c - a +0 leather armour (worn)
Magical Staves
 k - a staff of fire
Jewellery
 e - a ring of ice
Scrolls
 b - a scroll of butterflies
 f - a scroll of enchant weapon {unknown}
 g - a scroll of enchant armour {unknown}
 h - a scroll of immolation {unknown}
 i - 2 scrolls of identify {unknown}
 j - a scroll of blinking {unknown}
 l - 2 scrolls of teleportation
 m - a scroll of revelation {unknown}
 n - a scroll of poison


   Skills:
 - Level 2.0 Fighting
 + Level 4.8 Ranged Weapons
 - Level 1.5 Dodging
 - Level 0.7 Stealth


You had 3 spell levels left.
You didn't know any spells.
Your spell library contained the following spells:

 Spells                   Type           Power      Damage    Failure   Level
 Summon Small Mammal      Summ           0%         N/A       50%         1
 Call Canine Familiar     Summ           0%         N/A       86%         3
 Summon Guardian Golem    Hex/Summ       0%         N/A       86%         3


Dungeon Overview and Level Annotations

Branches:
Dungeon (3/15)

Altars:
Ru

Annotations:
D:1 Jessica, Terence


Innate Abilities, Weirdness & Mutations

You are immune to poison.
Your flesh is cold resistant. (rC+)
You are immune to negative energy. (rN+++)
You are immune to unholy pain and torment.
You are vulnerable to heat. (rF-)
You are in touch with the powers of death.
You do not drink.
You have a special connection with the divine. (Faith)


Message History

You shoot an arrow. The black bear growls angrily.
The arrow hits the ufetubus.
The ufetubus is severely wounded.
An ufetubus comes into view.
A quokka comes into view.
There are monsters nearby!
You shoot an arrow. The arrow closely misses the ufetubus.
The ufetubus shouts!
The arrow hits the ufetubus.
The ufetubus is moderately wounded.
You shoot an arrow. The arrow closely misses the ufetubus.
You shoot an arrow. The arrow hits the ufetubus.
The ufetubus is almost dead.
The ufetubus slips past you! The ufetubus barely misses you.
The ufetubus misses you. The ufetubus completely misses you.
The ufetubus hits you but does no damage.
You shoot an arrow. The arrow hits the ufetubus.
You kill the ufetubus!
The black bear bites you. The black bear claws you. x2
The ufetubus slips past you!
The ufetubus hits you but does no damage.
The ufetubus hits you. The ufetubus barely misses you.
The ufetubus closely misses you.
The black bear attacks as it pursues you!
The black bear bites you! The black bear claws you.
The black bear closely misses you.
The black bear attacks as it pursues you!
The black bear bites you.
* * * LOW HITPOINT WARNING * * *
The black bear claws you.
* * * LOW HITPOINT WARNING * * *
The black bear barely misses you. The ufetubus barely misses you.
The ufetubus misses you. The ufetubus attacks as it pursues you!
The ufetubus hits you.
* * * LOW HITPOINT WARNING * * *
The ufetubus hits you.
* * * LOW HITPOINT WARNING * * *
Unknown command.
The ufetubus barely misses you. The ufetubus hits you.
You die...

#........##### #.......
#............# ##......
#.......####...######......
#.......# ...<.........
...#.....## #####......
......#.#r.## #......
........##h.# #####......
......#####5#####
#.......... ..=...
#.@...###.#.#####.# .....
##........#.......# .....
###......#.#...#.# ...
##....#.#._.#.#
##...#.#...#.#
#...#.......# ##..#.#####.#
#........... #.....######


You could see a black bear, an ufetubus and a quokka.

Vanquished Creatures
  4 adders
  An ufetubus (D:3)
  A worm (D:2)
  3 bats
  4 endoplasms
  2 giant cockroaches
  5 hobgoblins
  2 quokkas (D:1)
  8 ball pythons
  3 frilled lizards
  5 goblins
  5 kobolds
  2 rats
45 creatures vanquished.

Notes
Turn   | Place    | Note
-------+----------+-------------------------------------------
     0 | D:1      | billz999 the Mummy Hunter began the quest for the Orb.
     0 | D:1      | Reached XP level 1. HP: 16/16 MP: 1/1
   196 | D:1      | Reached XP level 2. HP: 22/22 MP: 2/2
   714 | D:1      | You fall into a shaft and drop 1 floor!
   718 | D:2      | Noticed Terence
   728 | D:2      | Noticed Jessica
   909 | D:1      | HP: 1/22 [Terence/+0 short sword (2)]
  1005 | D:2      | Reached skill level 4 in Ranged Weapons
  1109 | D:2      | Reached XP level 3. HP: 25/27 MP: 3/3
  1603 | D:2      | Identified the orb "Xokod" {light, rElec rC+}
  1821 | D:3      | Reached XP level 4. HP: 33/33 MP: 4/4
  1841 | D:3      | Found a sacrificial altar of Ru.
  1920 | D:3      | Noticed a black bear
  1930 | D:3      | Slain by an ufetubus

Illustrated notes

Levels and vault maps discovered:
D:1:      dpeg_arrival_water_fire, layout_loops_ring, roderic_serpentine_path
D:2:      layout_loops_ring, uniq_terence, uniq_jessica
D:3:      layout_rooms, mainiacjoe_overflow_cross_hatched,
          gammafunk_temple_overflow_wave, interstate_on_off, minmay_cut_off

Skill      XL: |  1  2 |
---------------+-------+-----
Ranged Weapons | 4 |  4.8
Fighting       | |  2.0
Dodging        | |  1.5
Stealth        | |  0.7

Action                     |  1- 3 |  4- 6 || total
---------------------------+-------+-------++-------
   Fire: Shortbow          |   140 |    20 ||   160
    Use: Scroll            |     2 |       ||     2
 Armour: Leather armour    |    52 |    16 ||    68
  Dodge: Dodged            |    42 |    12 ||    54

Table legend: (Time is in decaauts)
 A = Elapsed time spent in this place.
 B = Non-inter-level travel time spent in this place.
 C = Inter-level travel time spent in this place.
 D = Time resting spent in this place.
 E = Time spent auto-exploring this place.
 F = Levels seen in this place.
 G = Mean time per level.
                   A        B        C        D        E       F      G
               +--------+--------+--------+--------+--------+-----+--------+
         Total |   1974 |   1930 |     44 |    135 |   1416 |   3 |  658.0 |
       Dungeon |   1974 |   1930 |     44 |    135 |   1416 |   3 |  658.0 |
               +--------+--------+--------+--------+--------+-----+--------+

Top non-repeatable levels by time:
     D:1: 967 daAuts
     D:2: 759 daAuts
     D:3: 247 daAuts
